[Event "Titled Tuesday Blitz September 21 2021"]
[White "Vogel, Roven"]
[Black "Skatchkov, Valery"]
[WhiteFideId "12908088"]
[BlackFideId "24195812"]
[WhiteElo "2516"]
[BlackElo "2195"]
[Result "1-0"]
[Round "05"]
[TimeControl "180+1"]
[Date "2021.09.21"]
[WhiteClock "0:01:54"]
[BlackClock "0:02:28"]

1. Nf3 Nf6 2. c4 e6 3. e3 d5 4. Nc3 b6 5. cxd5 exd5 6. d4 Bb7 7. Bb5+ c6 8. Bd3 Nbd7 9. O-O Bd6 10. e4 dxe4 11. Nxe4 Nxe4 12. Bxe4 Nf6 13. Bg5 h6 14. Bxf6 Qxf6 15. Ne5 Bxe5 16. dxe5 Qxe5 17. Re1 O-O 18. Bh7+ 1-0


[Site "https://www.chess.com"]

[Event "Titled Tuesday Blitz September 21 2021"]
[White "Vokhidov, Shamsiddin"]
[Black "FGHSMN"]
[WhiteFideId "14204223"]
[WhiteElo "2616"]
[BlackElo "2730"]
[Result "1/2-1/2"]
[Round "05"]
[TimeControl "180+1"]
[Date "2021.09.21"]
[WhiteClock "0:00:04"]
[BlackClock "0:00:08"]

1. e4 c5 2. Nf3 e6 3. d4 cxd4 4. Nxd4 a6 5. c4 Nf6 6. Nc3 Qc7 7. a3 b6 8. Be3 Bb7 9. f3 d6 10. Be2 Nbd7 11. Qd2 Be7 12. O-O O-O 13. Rfc1 Rac8 14. a4 Rfe8 15. a5 bxa5 16. Nb3 Ne5 17. Nxa5 Ba8 18. b4 Qb8 19. b5 axb5 20. Nxb5 d5 21. cxd5 exd5 22. Ba7 Rxc1+ 23. Rxc1 Qd8 24. exd5 Nxd5 25. Rb1 Bg5 26. Qa2 Nc6 27. Nxc6 Bxc6 28. Rd1 Qa8 29. Bc4 Rd8 30. Kh1 Bxb5 31. Bxd5 Kh8 32. h4 Bc6 33. hxg5 Rxd5 34. Rxd5 Bxd5 35. Qa5 Be6 36. Qc7 Kg8 37. Bd4 Qa3 38. Qe5 Qf8 39. Bc5 Qd8 40. Bd4 Qf8 41. f4 Ba2 42. f5 f6 43. gxf6 gxf6 44. Qg3+ Kh8 45. Qh4 Kg7 46. Qg5+ Kf7 47. Qxf6+ Ke8 48. Qc6+ Kf7 49. Qf6+ Ke8 50. Qe5+ Qe7 51. Qb8+ Kf7 52. Qg3 Bd5 53. Kh2 Ke8 54. Be5 Qf7 55. Qf4 Qh5+ 56. Kg3 h6 57. Qe3 Qg5+ 58. Qxg5 hxg5 59. Bf6 g4 60. Bd4 Kf7 61. Be5 Be4 62. Kxg4 Bxg2 63. Kf4 Bf1 64. Kg5 Bb5 65. Bd4 Bd7 66. Be5 Bxf5 1/2-1/2


[Site "https://www.chess.com"]

[Event "Titled Tuesday Blitz September 21 2021"]
[White "Volkov, Maksim"]
[Black "Majer, Damir"]
[WhiteFideId "54123070"]
[BlackFideId "4615689"]
[WhiteElo "2113"]
[BlackElo "2228"]
[Result "0-1"]
[Round "05"]
[TimeControl "180+1"]
[Date "2021.09.21"]
[WhiteClock "0:00:20"]
[BlackClock "0:00:14"]

1. d4 d5 2. c4 e6 3. Nf3 Nf6 4. g3 Be7 5. Bg2 O-O 6. O-O c6 7. Qc2 b6 8. Nbd2 Nbd7 9. e4 dxe4 10. Nxe4 Bb7 11. Rd1 Rc8 12. Nxf6+ Nxf6 13. c5 Nd5 14. a3 a5 15. h4 h6 16. Bd2 Ba6 17. Ne5 Bb5 18. a4 Ba6 19. cxb6 c5 20. Bxa5 cxd4 21. Qb3 Qd6 22. Nd3 Bc4 23. Qc2 Nxb6 24. Qd2 Bb3 25. Rdc1 Nxa4 26. Bb4 Qd7 27. Bxe7 Qxe7 28. Bc6 Nb6 29. Bf3 Nc4 30. Qe2 Rfd8 31. Be4 Nd6 32. Bg2 Nf5 33. h5 Bc4 34. Qd2 e5 35. Nb4 e4 36. b3 e3 37. Qe1 exf2+ 38. Qxf2 Qxb4 39. bxc4 Ne3 40. Rab1 Qa3 41. Be4 Rxc4 42. Rxc4 Nxc4 43. Bd5 Ne3 44. Qf1 Nxf1 0-1


[Site "https://www.chess.com"]

[Event "Titled Tuesday Blitz September 21 2021"]
[White "Wagner, Dennis"]
[Black "Sharma, Dinesh K."]
[WhiteFideId "24650684"]
[BlackFideId "5004110"]
[WhiteElo "2355"]
[BlackElo "2392"]
[Result "1-0"]
[Round "05"]
[TimeControl "180+1"]
[Date "2021.09.21"]
[WhiteClock "0:00:50"]
[BlackClock "0:00:40"]

1. d4 d5 2. Nf3 c6 3. c4 Nf6 4. e3 Bf5 5. Nc3 e6 6. Nh4 Be4 7. f3 Bg6 8. Qb3 Qb6 9. Nxg6 hxg6 10. Bd2 Nbd7 11. O-O-O Qxb3 12. axb3 a6 13. Be2 Bd6 14. g3 O-O-O 15. Kc2 Rh3 16. Bf1 Rh7 17. Ne2 Rdh8 18. h3 e5 19. Bg2 exd4 20. exd4 Nf8 21. h4 Ne6 22. Bh3 Kb8 23. Bxe6 fxe6 24. Bf4 Kc7 25. c5 Bxf4 26. Nxf4 Kd7 27. Nxg6 Rg8 28. g4 Rh6 29. h5 Nh7 30. f4 Nf8 31. Ne5+ Kc7 32. g5 Rh7 33. g6 Rh6 34. Nf7 1-0


[Site "https://www.chess.com"]

[Event "Titled Tuesday Blitz September 21 2021"]
[White "Yeletsky, Ivan"]
[Black "Levitskiy, Andrey"]
[WhiteFideId "24180327"]
[BlackFideId "14132885"]
[WhiteElo "2344"]
[BlackElo "2340"]
[Result "1-0"]
[Round "05"]
[TimeControl "180+1"]
[Date "2021.09.21"]
[WhiteClock "0:00:43"]
[BlackClock "0:00:05"]

1. c4 c5 2. Nc3 g6 3. g3 Bg7 4. Bg2 Nc6 5. b3 e5 6. Bb2 Nge7 7. d3 d6 8. Qd2 Be6 9. h4 h6 10. h5 g5 11. f4 gxf4 12. gxf4 Qd7 13. O-O-O O-O-O 14. Nf3 exf4 15. Qxf4 Nf5 16. Bh3 Nfd4 17. Bg2 Nxf3 18. Qxf3 Nd4 19. Qf2 Rhg8 20. Be4 Be5 21. e3 Nc6 22. Rdf1 Rg5 23. Kb1 Rdg8 24. Nd5 Bxd5 25. cxd5 Ne7 26. Bxe5 Rxe5 27. Qxf7 Rg3 28. Qf8+ Kc7 29. Qxh6 Nxd5 30. Bxd5 Rxd5 31. Qf4 Rg4 32. Qf7 Rxd3 33. h6 Rxe3 34. Qxd7+ Kxd7 35. h7 1-0


[Site "https://www.chess.com"]

[Event "Titled Tuesday Blitz September 21 2021"]
[White "Yordanov, Nikolay Plamenov"]
[Black "Manukyan, Sargis A."]
[WhiteFideId "2907445"]
[BlackFideId "13303970"]
[WhiteElo "2248"]
[BlackElo "2187"]
[Result "0-1"]
[Round "05"]
[TimeControl "180+1"]
[Date "2021.09.21"]
[WhiteClock "0:00:08"]
[BlackClock "0:01:32"]

1. d4 d5 2. Bf4 e6 3. e3 Nf6 4. Nf3 Be7 5. Bd3 O-O 6. c3 c5 7. Nbd2 c4 8. Bc2 b5 9. Ne5 Bb7 10. Qf3 Nbd7 11. Qh3 g6 12. Bh6 Re8 13. f4 Ne4 14. Bxe4 dxe4 15. O-O f5 16. g4 Nxe5 17. fxe5 Bg5 18. Kh1 fxg4 19. Bxg5 Qxg5 20. Qg3 Rf8 21. Rg1 h5 22. h3 Rf3 23. Nxf3 exf3 24. Qf2 Rf8 25. Rg3 Qh4 26. Rag1 Be4 27. Kh2 Kg7 28. b3 cxb3 29. axb3 a5 30. c4 a4 31. bxa4 bxa4 32. d5 a3 33. d6 a2 34. c5 Bc6 35. Qxa2 f2 36. Rf1 Qxg3+ 37. Kxg3 Rf3+ 38. Kh4 Kh6 39. hxg4 g5# 0-1


[Site "https://www.chess.com"]

[Event "Titled Tuesday Blitz September 21 2021"]
[White "Zarubitski, Viachaslau"]
[Black "Jobava, Baadur"]
[WhiteFideId "13509373"]
[BlackFideId "13601520"]
[WhiteElo "2315"]
[BlackElo "2731"]
[Result "1-0"]
[Round "05"]
[TimeControl "180+1"]
[Date "2021.09.21"]
[WhiteClock "0:00:10"]
[BlackClock "0:01:43"]

1. e4 e5 2. Nf3 Nf6 3. Nxe5 d6 4. Nf3 Nxe4 5. Nc3 Nxc3 6. dxc3 Be7 7. Be3 Nc6 8. Qd2 Bf5 9. O-O-O O-O 10. Kb1 Re8 11. Rg1 Qd7 12. h3 a5 13. g4 Be4 14. Bg2 a4 15. a3 Na5 16. Ne5 Qb5 17. Bxe4 Qxe5 18. Qd5 Qxd5 19. Bxd5 c6 20. Bg2 d5 21. Rge1 Nc4 22. Bd4 Bg5 23. Bf1 Nd2+ 24. Ka2 Nxf1 25. Rxf1 Re2 26. f4 Bh4 27. Kb1 Rae8 28. Rf3 g6 29. f5 g5 30. Bf6 R8e4 31. Rd4 b5 32. Rfd3 Re8 33. Rd2 R2e3 34. R4d3 R3e4 35. Rd4 Re1+ 36. Rd1 h5 37. Ka2 Kh7 38. Rxe1 Rxe1 39. b3 axb3+ 40. Kxb3 Rb1+ 41. Ka2 Rh1 42. Rd3 hxg4 43. hxg4 Rg1 44. Re3 Rxg4 45. Re8 1-0


[Site "https://www.chess.com"]

[Event "Titled Tuesday Blitz September 21 2021"]
[White "Aldokhin, Ivan"]
[Black "Siva Mahadevan"]
[WhiteFideId "24115720"]
[BlackFideId "25043153"]
[WhiteElo "2265"]
[BlackElo "2203"]
[Result "0-1"]
[Round "06"]
[TimeControl "180+1"]
[Date "2021.09.21"]
[WhiteClock "0:00:18"]
[BlackClock "0:01:22"]

1. e4 c5 2. Nf3 Nc6 3. d4 cxd4 4. Nxd4 Nf6 5. Nc3 d6 6. Bc4 e6 7. Bb3 a6 8. Be3 Qc7 9. Qe2 Be7 10. O-O-O O-O 11. g4 Nxd4 12. Rxd4 Nd7 13. h4 Nc5 14. g5 f5 15. exf5 Rxf5 16. Rhd1 b5 17. Rf4 Rxf4 18. Bxf4 Nxb3+ 19. axb3 b4 20. Ne4 e5 21. Be3 Be6 22. Kb1 a5 23. f4 a4 24. bxa4 Rxa4 25. b3 Ra8 26. fxe5 d5 27. Nd6 Qc3 0-1


[Site "https://www.chess.com"]

[Event "Titled Tuesday Blitz September 21 2021"]
[White "AleksanderHnydiuk"]
[Black "Sadovsky, Artem"]
[BlackFideId "4155840"]
[WhiteElo "2594"]
[BlackElo "2414"]
[Result "0-1"]
[Round "06"]
[TimeControl "180+1"]
[Date "2021.09.21"]
[WhiteClock "0:00:01"]
[BlackClock "0:00:05"]

1. Nf3 g6 2. c4 Bg7 3. d4 d6 4. Nc3 e5 5. g3 Bg4 6. dxe5 dxe5 7. Qxd8+ Kxd8 8. Bg5+ f6 9. O-O-O Kc8 10. Be3 Bh6 11. Bxh6 Nxh6 12. Nd5 Nd7 13. Bg2 c6 14. Ne3 Be6 15. Nd2 Nf7 16. h4 Kc7 17. h5 a5 18. Ne4 f5 19. Nc3 Nc5 20. b3 g5 21. f4 gxf4 22. gxf4 exf4 23. Nc2 Rhg8 24. Bf3 Ne5 25. Nd4 Rad8 26. Na4 Ncd3+ 27. exd3 Rxd4 28. Nc5 Bc8 29. Rhf1 b6 30. Na4 Rg3 31. Bh1 Nxd3+ 32. Kb1 Bd7 33. Nb2 c5 34. Nxd3 Rgxd3 35. Rxd3 Rxd3 36. Kc2 Rh3 37. Bf3 Rh4 38. Kc3 Bc6 39. Bxc6 Kxc6 40. Kd3 Kd6 41. Re1 Rxh5 42. Re8 Rh3+ 43. Ke2 Re3+ 0-1


[Site "https://www.chess.com"]

[Event "Titled Tuesday Blitz September 21 2021"]
[White "Alikhanov, Felix"]
[Black "Navalgund, Niranjan"]
[WhiteFideId "4157427"]
[BlackFideId "5030854"]
[WhiteElo "2425"]
[BlackElo "2290"]
[Result "1-0"]
[Round "06"]
[TimeControl "180+1"]
[Date "2021.09.21"]
[WhiteClock "0:00:24"]
[BlackClock "0:00:28"]

1. e4 e5 2. Nf3 Nc6 3. Bb5 g6 4. O-O Bg7 5. c3 a6 6. Ba4 d6 7. d4 Bd7 8. d5 Nce7 9. Bxd7+ Qxd7 10. c4 h6 11. Nc3 f5 12. g3 Nf6 13. Nh4 O-O 14. exf5 gxf5 15. f4 e4 16. Be3 b5 17. cxb5 axb5 18. a3 b4 19. axb4 Rxa1 20. Qxa1 Nfxd5 21. Qa2 Qe6 22. Rd1 c6 23. b5 Kf7 24. Nxd5 Nxd5 25. Nxf5 Qxf5 26. bxc6 Ke6 27. b4 Qh5 28. Rd2 Rf5 29. c7 Kd7 30. Qa7 Nxc7 31. Bb6 Rd5 32. Qxc7+ Ke6 33. Qc4 Qf5 34. Be3 Qh5 35. b5 Bf6 36. Qxe4+ Kd7 37. Qxd5 1-0


[Site "https://www.chess.com"]

[Event "Titled Tuesday Blitz September 21 2021"]
[White "Andreikin, Dmitry"]
[Black "Shipov, Sergei"]
[WhiteFideId "4158814"]
[BlackFideId "4113624"]
[WhiteElo "2736"]
[BlackElo "2819"]
[Result "1-0"]
[Round "06"]
[TimeControl "180+1"]
[Date "2021.09.21"]
[WhiteClock "0:00:48"]
[BlackClock "0:00:03"]

1. d4 d5 2. Nf3 e6 3. c4 c5 4. cxd5 exd5 5. g3 Nc6 6. Bg2 Nf6 7. O-O Be7 8. dxc5 Bxc5 9. Qc2 Bb6 10. Nc3 O-O 11. Bg5 d4 12. Ne4 Bf5 13. Nh4 Bxe4 14. Bxe4 h6 15. Bxf6 Qxf6 16. Nf3 Rfe8 17. a3 Re7 18. Rac1 Rae8 19. Bd3 g6 20. b4 Kg7 21. Qc4 h5 22. Qd5 Rd8 23. Qg5 Qxg5 24. Nxg5 Ne5 25. Rc2 a5 26. Rb1 axb4 27. Rxb4 Ba5 28. Rb5 Bc3 29. Ne4 Nxd3 30. exd3 f5 31. Nxc3 Rc8 32. Re2 dxc3 33. Rxe7+ Kf6 34. Re1 c2 35. Rc1 1-0


[Site "https://www.chess.com"]

[Event "Titled Tuesday Blitz September 21 2021"]
[White "Arabidze, Meri"]
[Black "Markidis, Konstantinos"]
[WhiteFideId "13604040"]
[BlackFideId "4203500"]
[WhiteElo "2432"]
[BlackElo "2304"]
[Result "1-0"]
[Round "06"]
[TimeControl "180+1"]
[Date "2021.09.21"]
[WhiteClock "0:01:41"]
[BlackClock "0:00:57"]

1. Nf3 c5 2. b3 Nc6 3. Bb2 Nf6 4. e3 g6 5. Be2 Bg7 6. c4 O-O 7. O-O d6 8. d4 Bf5 9. Nc3 cxd4 10. exd4 d5 11. c5 Ne4 12. Rc1 Nxc3 13. Bxc3 Bg4 14. h3 Bxf3 15. Bxf3 e6 16. b4 a6 17. Qd3 Qh4 18. Rfd1 Rfd8 19. a4 e5 20. dxe5 Nxe5 21. Bxe5 Bxe5 22. Bxd5 Qxb4 23. Rb1 Qxc5 24. Rxb7 Rf8 25. Qf3 Rad8 26. Rxf7 Rxf7 27. Bxf7+ Kg7 28. Rxd8 1-0


[Site "https://www.chess.com"]

[Event "Titled Tuesday Blitz September 21 2021"]
[White "Aradhya, Garg"]
[Black "Krasilnikov, Evgeni"]
[WhiteFideId "25006746"]
[BlackFideId "4139739"]
[WhiteElo "2146"]
[BlackElo "2295"]
[Result "1-0"]
[Round "06"]
[TimeControl "180+1"]
[Date "2021.09.21"]
[WhiteClock "0:00:12"]
[BlackClock "0:00:04"]

1. d4 Nf6 2. c4 g6 3. g3 Bg7 4. Bg2 O-O 5. Nc3 d6 6. Nf3 c6 7. e4 Qa5 8. O-O Qh5 9. Ng5 Qxd1 10. Rxd1 h6 11. Nh3 e5 12. d5 c5 13. f3 Ne8 14. a3 f5 15. b4 b6 16. Rb1 Na6 17. Nf2 Bd7 18. b5 Nac7 19. a4 a5 20. bxa6 Rxa6 21. Rd2 Nf6 22. Rdb2 Rb8 23. a5 Na8 24. axb6 Raxb6 25. Bf1 Rxb2 26. Rxb2 Rxb2 27. Bxb2 Nb6 28. Bd3 Kf7 29. Kf1 fxe4 30. Nfxe4 Nxe4 31. Nxe4 Bf8 32. Bc1 Bf5 33. Ke2 Bxe4 34. fxe4 h5 35. Bd2 Be7 36. Ba5 Nd7 37. Kf3 Bg5 38. Bf1 Bf6 39. Bh3 Nf8 40. Bc7 Be7 41. Ke2 Ke8 42. Kd3 Nd7 43. Be6 Nf6 44. h3 Nd7 45. Kc3 Nf6 46. Kd3 Nd7 47. Ba5 Nf6 48. Bd2 Nd7 49. g4 hxg4 50. hxg4 Nf6 51. Be3 Nd7 52. Bxd7+ Kxd7 53. Kc3 Kc7 54. Kb3 Kb6 55. Ka4 Ka6 56. Bd2 Bf8 57. Bg5 Kb6 58. Bd8+ Ka6 59. g5 Bg7 60. Bf6 Bf8 61. Bd8 Bg7 62. Be7 Kb6 63. Bxd6 Bh8 64. Be7 Bg7 65. Bd6 Bh8 66. Bf8 Kc7 67. Bxc5 1-0


[Site "https://www.chess.com"]

[Event "Titled Tuesday Blitz September 21 2021"]
[White "Babazada, Khazar"]
[Black "Kamsky, Gata"]
[WhiteFideId "13413554"]
[BlackFideId "2000024"]
[WhiteElo "2315"]
[BlackElo "2603"]
[Result "0-1"]
[Round "06"]
[TimeControl "180+1"]
[Date "2021.09.21"]
[WhiteClock "0:00:10"]
[BlackClock "0:00:18"]

1. e4 c5 2. Nc3 e6 3. g3 Nc6 4. Bg2 g6 5. Nge2 Bg7 6. O-O Nge7 7. d3 d5 8. exd5 exd5 9. Nf4 d4 10. Ncd5 O-O 11. Re1 Nxd5 12. Bxd5 a5 13. Bd2 Ra6 14. a4 Ne5 15. Bg2 Bg4 16. f3 Bc8 17. Qe2 Rc6 18. b3 b6 19. Nh3 Rc7 20. Nf2 Nc6 21. Ng4 f5 22. Nh6+ Kh8 23. Bf4 Re7 24. Qd2 Bf6 25. Rxe7 Nxe7 26. Re1 Nd5 27. Kh1 Kg7 28. g4 Nxf4 29. Qxf4 Bg5 30. Qe5+ Kxh6 31. f4 Bf6 32. g5+ Bxg5 33. fxg5+ Qxg5 34. Qc7 Qf6 35. Re7 Rh8 36. Qf4+ Qg5 0-1


[Site "https://www.chess.com"]

[Event "Titled Tuesday Blitz September 21 2021"]
[White "Bach, Ngoc Thuy Duong"]
[Black "Karpeshov, Oleg"]
[WhiteFideId "12408956"]
[BlackFideId "4106814"]
[WhiteElo "1896"]
[BlackElo "2354"]
[Result "0-1"]
[Round "06"]
[TimeControl "180+1"]
[Date "2021.09.21"]
[WhiteClock "0:00:02"]
[BlackClock "0:00:38"]

1. d4 Nf6 2. c4 e6 3. Nc3 Bb4 4. Qc2 d5 5. cxd5 Qxd5 6. e3 c5 7. Bd2 Bxc3 8. bxc3 Nc6 9. Nf3 O-O 10. c4 Qd6 11. Bc3 b6 12. Be2 Bb7 13. Rd1 cxd4 14. exd4 Qf4 15. O-O Rac8 16. Bb2 Na5 17. c5 Be4 18. Qc1 Nd5 19. Qxf4 Nxf4 20. Ba6 Rb8 21. Rfe1 Bxf3 22. gxf3 bxc5 23. Ba3 Rfd8 24. Bxc5 Nc6 25. Rb1 Nd5 26. Rec1 Ncb4 27. Bc4 a5 28. a3 Nc6 29. Bxd5 exd5 30. Bb6 Rdc8 31. Rb5 Ne7 0-1


[Site "https://www.chess.com"]

[Event "Titled Tuesday Blitz September 21 2021"]
[White "Baskin, Robert"]
[Black "Salgado Lopez, Ivan"]
[WhiteFideId "24662402"]
[BlackFideId "2257327"]
[WhiteElo "2521"]
[BlackElo "2605"]
[Result "1-0"]
[Round "06"]
[TimeControl "180+1"]
[Date "2021.09.21"]
[WhiteClock "0:00:11"]
[BlackClock "0:00:56"]

1. e4 c6 2. Nc3 d5 3. Nf3 dxe4 4. Nxe4 Nf6 5. Qe2 Nxe4 6. Qxe4 Qd5 7. Qh4 Qe6+ 8. Be2 Qg4 9. Qg3 Qxg3 10. hxg3 Nd7 11. d4 Nf6 12. a4 Bg4 13. a5 a6 14. Ra3 Bxf3 15. Bxf3 e6 16. Rb3 O-O-O 17. c3 Nd5 18. Bd2 Be7 19. Ke2 g6 20. g4 Bf6 21. g5 Bg7 22. g3 Rde8 23. Kf1 Ne7 24. Kg2 Nf5 25. Ra3 h5 26. gxh6 Bxh6 27. Be1 Ne7 28. Ra1 Kc7 29. Be4 Nf5 30. g4 Nd6 31. Bd3 Bf4 32. Rxh8 Rxh8 33. c4 e5 34. Bc3 e4 35. Be2 Rh2+ 36. Kg1 Rh4 37. Rd1 e3 38. Be1 Rh3 39. Kg2 Rh2+ 40. Kf3 exf2 41. Bxf2 g5 42. d5 cxd5 43. Rxd5 Rh3+ 44. Kg2 Rb3 45. Bb6+ Kc6 46. Bf3 Rxb2+ 47. Rd2+ 1-0


[Site "https://www.chess.com"]

[Event "Titled Tuesday Blitz September 21 2021"]
[White "Belenkaya, Dina"]
[Black "Tomb, Maroun"]
[WhiteFideId "24142654"]
[BlackFideId "5300398"]
[WhiteElo "2247"]
[BlackElo "2590"]
[Result "1-0"]
[Round "06"]
[TimeControl "180+1"]
[Date "2021.09.21"]
[WhiteClock "0:00:17"]
[BlackClock "0:00:04"]

1. Nf3 d6 2. g3 Nf6 3. Bg2 e5 4. d3 Nbd7 5. Nbd2 Be7 6. O-O c6 7. e4 O-O 8. a4 b6 9. Nc4 Qc7 10. Ne3 Re8 11. Nf5 Bf8 12. N3h4 d5 13. Qe2 Nc5 14. Bg5 dxe4 15. Bxf6 gxf6 16. dxe4 Kh8 17. Qh5 Be6 18. Rfe1 a5 19. g4 Be7 20. Re3 Rg8 21. Rh3 Bf8 22. Nf3 Bxf5 23. exf5 Rg7 24. g5 fxg5 25. f6 g4 26. fxg7+ Kxg7 27. Qxh7+ Kf6 28. Qh4+ Ke6 29. Qxg4+ Ke7 30. Qh4+ Ke8 31. Ng5 Qe7 32. Re1 Rc8 33. Rhe3 f6 34. Qh6 Kd8 35. Qh5 Kc7 36. Ne4 Ne6 37. Ng3 Nf4 38. Qf5 Qd6 39. Rc3 c5 40. Qe4 Kd8 41. Qb7 Rc7 42. Qb8+ Ke7 43. Nf5+ 1-0


[Site "https://www.chess.com"]

[Event "Titled Tuesday Blitz September 21 2021"]
[White "Bilan, Danila"]
[Black "Kobalia, Mikhail"]
[WhiteFideId "24161918"]
[BlackFideId "4119150"]
[WhiteElo "2164"]
[BlackElo "2626"]
[Result "0-1"]
[Round "06"]
[TimeControl "180+1"]
[Date "2021.09.21"]
[WhiteClock "0:00:02"]
[BlackClock "0:00:53"]

1. d4 g6 2. Nf3 Nf6 3. Bg5 Bg7 4. c3 O-O 5. Nbd2 d6 6. e4 Nc6 7. Be2 e5 8. dxe5 Nxe5 9. Nxe5 dxe5 10. Qc2 Qe8 11. O-O b6 12. a4 a5 13. Bb5 Nd7 14. Nc4 Qe6 15. Ne3 c6 16. Bc4 Qd6 17. Rfd1 Qc7 18. Be7 Re8 19. Bd6 Qd8 20. Qb3 Qf6 21. Ng4 Qf4 22. g3 Qxg4 23. Bxf7+ Kh8 24. Bxe8 Nf6 25. Bxc6 Qf3 26. Rd3 Qxd3 27. Bxa8 Bg4 28. Bxe5 Qf3 29. Bxf6 Bh3 30. Bxg7+ Kxg7 31. e5 Qxa8 0-1


[Site "https://www.chess.com"]

[Event "Titled Tuesday Blitz September 21 2021"]
[White "Bluebaum, Matthias"]
[Black "Moskalenko, Alexander"]
[WhiteFideId "24651516"]
[BlackFideId "4155351"]
[WhiteElo "2681"]
[BlackElo "2515"]
[Result "0-1"]
[Round "06"]
[TimeControl "180+1"]
[Date "2021.09.21"]
[WhiteClock "0:00:11"]
[BlackClock "0:00:10"]

1. d4 g6 2. c4 Bg7 3. e4 d6 4. Nc3 Nc6 5. d5 Nd4 6. Be3 c5 7. Nge2 Qb6 8. Na4 Qa5+ 9. Bd2 Qc7 10. Bc3 Bd7 11. Nxd4 cxd4 12. Bxd4 Nf6 13. Nc3 O-O 14. Be2 e5 15. dxe6 Bxe6 16. b3 Rfe8 17. O-O a6 18. Rc1 Rad8 19. Bf3 h5 20. Re1 Qe7 21. Qd2 Kh7 22. Rcd1 Bh6 23. Qb2 Nd7 24. Re2 Ne5 25. Bxe5 dxe5 26. Nd5 Qg5 27. Red2 Rc8 28. Rd3 h4 29. Qe2 h3 30. g3 b5 31. cxb5 axb5 32. Bg4 Bxg4 33. Qxg4 Qxg4 34. Nf6+ Kg7 35. Nxg4 Rc2 36. Nxh6 Kxh6 37. R3d2 Rec8 38. f3 R8c3 39. Kf2 Kg5 40. Ke2 f5 41. Rxc2 Rxc2+ 42. Rd2 Rc1 43. Ke3 Re1+ 44. Kd3 Rf1 45. Ke2 Rh1 46. Ke3 b4 47. exf5 gxf5 48. f4+ exf4+ 49. gxf4+ Kg4 50. Rf2 Re1+ 51. Kd3 Re4 52. Rf1 Rxf4 53. Rg1+ Kh4 54. Ke3 Rg4 55. Rd1 Rg2 56. Kf3 Rxh2 57. Rd4+ Kg5 58. Rc4 Rxa2 59. Rc1 h2 60. Kg3 Rb2 61. Rf1 f4+ 62. Kh3 Kf5 63. Re1 Rf2 64. Rd1 Ke4 65. Rc1 Kf3 66. Rc8 Ke4 67. Kh4 Kf3 68. Kg5 h1=Q 69. Re8 Qg2+ 70. Kf6 Kg4 71. Ke7 Re2+ 72. Kd7 Rxe8 73. Kd6 Qe4 74. Kc7 Qc2+ 75. Kb6 Qxb3 76. Ka5 Rb8 77. Ka6 Qa4# 0-1


[Site "https://www.chess.com"]

[Event "Titled Tuesday Blitz September 21 2021"]
[White "Bortnyk, Olexandr"]
[Black "Vogel, Roven"]
[WhiteFideId "14120828"]
[BlackFideId "12908088"]
[WhiteElo "2723"]
[BlackElo "2516"]
[Result "0-1"]
[Round "06"]
[TimeControl "180+1"]
[Date "2021.09.21"]
[WhiteClock "0:00:03"]
[BlackClock "0:00:07"]

1. d4 Nf6 2. Nc3 d5 3. Bf4 c5 4. e3 cxd4 5. exd4 a6 6. Nf3 Bf5 7. Ne5 Nc6 8. g4 Be6 9. Bg2 g6 10. h3 Bg7 11. O-O Qb6 12. Nxc6 Qxc6 13. Be5 O-O 14. Re1 Rac8 15. a3 Qd7 16. Qd3 h5 17. f3 Rc4 18. Ne2 hxg4 19. hxg4 Nh7 20. Bxg7 Kxg7 21. Nf4 Rc6 22. Re5 Rh8 23. Rae1 Nf8 24. c4 Rxc4 25. Bf1 Rc6 26. Qe3 Qc7 27. Bd3 f6 28. Nxd5 Qd6 29. Nxe7 Qxe7 30. d5 fxe5 31. dxc6 bxc6 32. Qxe5+ Qf6 33. Kg2 Qxe5 34. Rxe5 Bd5 35. Bxa6 Kf6 36. Re8 Rg8 37. a4 Nd7 38. Rxg8 Bxg8 39. Bc8 Nb6 40. Bb7 Nxa4 41. b4 c5 42. Bc6 cxb4 43. Bxa4 Ba2 44. f4 b3 45. g5+ Kf7 46. Kf3 b2 47. Bc2 b1=Q 48. Bxb1 Bxb1 49. f5 Bxf5 0-1


[Site "https://www.chess.com"]

[Event "Titled Tuesday Blitz September 21 2021"]
[White "Budrewicz, Krzysztof"]
[Black "Vrencian, Lehel"]
[WhiteFideId "1127950"]
[BlackFideId "1230999"]
[WhiteElo "2242"]
[BlackElo "2058"]
[Result "0-1"]
[Round "06"]
[TimeControl "180+1"]
[Date "2021.09.21"]
[WhiteClock "0:00:24"]
[BlackClock "0:00:05"]

1. d4 Nf6 2. c4 e6 3. Nf3 b6 4. g3 Bb4+ 5. Nbd2 Bb7 6. Bg2 c5 7. dxc5 Bxc5 8. O-O O-O 9. Nb3 Be7 10. Nbd4 d6 11. h3 Nbd7 12. Be3 a6 13. Rc1 Rc8 14. b3 Qc7 15. Qd3 Nc5 16. Qb1 Qb8 17. Rfd1 Qa8 18. Ne1 Rfd8 19. Bxb7 Qxb7 20. Nd3 Nxd3 21. Qxd3 d5 22. cxd5 Nxd5 23. Rxc8 Rxc8 24. Bd2 Nf6 25. Rc1 h6 26. f3 Bc5 27. Be3 Nd5 28. Bf2 Bxd4 29. Rxc8+ Qxc8 30. Qxd4 Qc2 31. e4 Nc3 32. Qxb6 Qxa2 33. h4 Nd1 34. b4 Qe2 35. Kg2 Kh7 36. Qd4 Nb2 37. h5 Nd3 38. f4 Ne1+ 39. Kg1 Nf3+ 40. Kg2 Nxd4 41. f5 Qxe4+ 42. Kg1 Nxf5 43. g4 Qxg4+ 44. Kf1 Qf3 45. Ke1 Ng3 46. Bxg3 Qxg3+ 47. Kd2 Qh4 48. Kc2 Qxb4 0-1


[Site "https://www.chess.com"]

[Event "Titled Tuesday Blitz September 21 2021"]
[White "Buscar, Michael"]
[Black "Taboas Rodriguez, Daniel"]
[WhiteFideId "2603616"]
[BlackFideId "2208466"]
[WhiteElo "2010"]
[BlackElo "2429"]
[Result "1/2-1/2"]
[Round "06"]
[TimeControl "180+1"]
[Date "2021.09.21"]
[WhiteClock "0:00:28"]
[BlackClock "0:00:41"]

1. d4 Nf6 2. c4 g6 3. Nf3 Bg7 4. g3 b6 5. Bg2 Bb7 6. O-O O-O 7. b3 c5 8. Bb2 Ne4 9. Nbd2 d5 10. Qc2 Nxd2 11. Qxd2 dxc4 12. bxc4 cxd4 13. Bxd4 Nc6 14. Bxg7 Qxd2 15. Nxd2 Kxg7 16. Nb3 Rfc8 17. c5 b5 18. Rfd1 Rc7 19. a4 b4 20. a5 Nd8 21. Rac1 Rac8 22. Rc4 Bxg2 23. Kxg2 Ne6 24. Rxb4 Nxc5 25. Nxc5 Rxc5 26. Rb7 R8c7 27. a6 Rxb7 28. axb7 Rb5 29. Rd7 e5 30. b8=Q Rxb8 31. Rxa7 g5 32. e3 g4 33. h3 h5 34. hxg4 hxg4 35. Ra4 f5 36. Ra6 Kf7 37. Rh6 Rb2 38. Ra6 Rd2 39. Rb6 Ke8 40. Re6+ Kf7 41. Rxe5 Kf6 42. Ra5 Ke6 43. Ra6+ Ke5 44. Ra5+ Ke4 45. Ra4+ Ke5 46. Rf4 Rc2 47. Ra4 Rd2 48. Ra5+ Ke4 49. Ra4+ Ke5 1/2-1/2


[Site "https://www.chess.com"]

[Event "Titled Tuesday Blitz September 21 2021"]
[White "Chernobay, Artem"]
[Black "Salinas Herrera, Pablo"]
[WhiteFideId "4167406"]
[BlackFideId "3407128"]
[WhiteElo "2480"]
[BlackElo "2541"]
[Result "0-1"]
[Round "06"]
[TimeControl "180+1"]
[Date "2021.09.21"]
[WhiteClock "0:00:03"]
[BlackClock "0:00:08"]

1. d4 d5 2. c4 c6 3. Nf3 Nf6 4. Nc3 e6 5. Bg5 Nbd7 6. e3 Qa5 7. Nd2 dxc4 8. Bxf6 Nxf6 9. Nxc4 Qc7 10. Be2 Be7 11. O-O O-O 12. Rc1 Rd8 13. Qc2 Bd7 14. Ne5 Be8 15. Ne4 Nxe4 16. Qxe4 Rac8 17. a3 Qb8 18. b4 a5 19. bxa5 Bxa3 20. Nc4 Bxc1 21. Rxc1 Qa7 22. Qe5 Rd5 23. Qf4 Rcd8 24. h4 Rxa5 25. Nxa5 Qxa5 26. Rb1 b5 27. Qe5 Qa3 28. Qc7 Qd6 29. Qa7 h6 30. Bf3 e5 31. dxe5 Qxe5 32. g3 Qf6 33. Kg2 Qd6 34. Qa5 Qe7 35. Rc1 Rd6 36. Qb4 Qd8 37. Qe4 g6 38. Qe5 h5 39. Rc5 Re6 40. Qc3 Qe7 41. Bd1 Bd7 42. Bb3 Rf6 43. Re5 Qd6 44. Bc2 Kg7 45. Be4 b4 46. Qb2 c5 47. Rd5 Qe7 48. Bf3 Bc6 49. e4 Bxd5 50. exd5 Qd6 51. Be4 Kf8 52. Qd2 Kg8 53. Qd3 Qe5 54. Bf3 Rd6 55. Qc4 Qd4 56. Qb5 Kg7 57. Qe8 Qf6 58. Qb5 Qd4 59. Qb8 Rxd5 0-1


[Site "https://www.chess.com"]